 Dungeon Crawl Stone Soup version 0.30.0-20-g3615ddf2f0 (webtiles) character file.

Game seed: 10159383226597977661

605 qw the Chopper (level 7, -4/43 HPs)
             Began as a Gargoyle Fighter on May 28, 2023.
             Slain by an ogre
             ... wielding a +0 giant club
              (13 damage)
             ... on level 5 of the Dungeon.
             The game lasted 00:06:47 (3126 turns).

qw the Chopper (Gargoyle Fighter)                   Turns: 3126, Time: 00:06:48

Health: -4/43      AC: 12    Str: 21    XL:     7   Next: 42%
Magic:  7/7        EV:  9    Int:  9    God:
Gold:   218        SH:  4    Dex:  9    Spells: 6/6 levels left

rFire   . . .        Y - +2 war axe
rCold   . . .        c - +0 buckler
rNeg    + . .        b - +0 scale mail
rPois   inf          (no helmet)
rElec   +            (no cloak)
rCorr   .            n - +0 pair of gloves
SInv    .            (no boots)
Will    .....        l - amulet of the acrobat Stlth
                     (no ring)
HPRegen 0.27/turn    (no ring)
MPRegen 0.10/turn

%: acrobat
@: no status effects
A: sickness immunity, AC +4, negative energy resistance 1, electricity
resistance, torment resistance 1, petrification resistance
a: no special abilities


You were on level 5 of the Dungeon.
You visited 1 branch of the dungeon, and saw 5 of its levels.

You collected 218 gold pieces.


Innate Abilities, Weirdness & Mutations

You are immune to sickness and miasma.
Your stone body is resilient. (AC +4)
You are immune to poison.
You resist negative energy. (rN+)
You are resistant to electric shocks. (rElec)
You are resistant to unholy torment.
You are immune to petrification.


   Skills:
 - Level 4.0 Fighting
 + Level 6.8 Axes
 - Level 3.2 Armour
 - Level 1.1 Dodging
 - Level 3.2 Shields


You had 6 spell levels left.
You didn't know any spells.
Your spell library was empty.

Inventory:

Hand Weapons
 a - a +0 flail
 Y - a +2 war axe (weapon)
Missiles
 p - 11 boomerangs (quivered)
Armour
 b - a +0 scale mail (worn)
 c - a +0 buckler (worn)
 n - a +0 pair of gloves (worn)
Jewellery
 l - an amulet of the acrobat (around neck)
Wands
 k - a wand of digging (8)
Scrolls
 f - a scroll of identify
 h - a scroll of blinking {unknown}
 m - a scroll of amnesia {unknown}
Potions
 d - 3 potions of might
 e - a potion of heal wounds {unknown}
 g - a potion of brilliance {unknown}
 i - a potion of flight {unknown}
 j - 2 potions of curing

Dungeon Overview and Level Annotations

Branches:
Dungeon (5/15)             Temple (0/1) D:5

Altars:
Dithmenos
Trog
Uskayaw

Shops:
D:1 =


Message History

The ogre is lightly wounded.
3125 ||| Ran melee: true;
3125 ||| Ran attack: nil You block the gnoll's attack.
The gnoll hits you from afar with a +0 spear.
3126 ||| Ran quit: false
3126 ||| Ran try_ancestor_identity: false
3126 ||| Ran join_beogh: false;
3126 ||| Ran shop: false
3126 ||| Ran pick_up_abyssal_rune: false
3126 ||| Ran lugonu_exit_abyss: false;
3126 ||| Ran exit_abyss: false
3126 ||| Ran stairdance_up: false
3126 ||| Ran special_purification: false
3126 ||| Ran cure_confusion: false;
3126 ||| Ran coward_step: false
3126 ||| Ran flee_step: false
3126 ||| Ran remove_terrible_jewellery: false
3126 ||| Ran teleport: false;
3126 ||| Ran cure_bad_poison: false
3126 ||| Ran cancellation: false;
3126 ||| Ran drain_life: false
3126 ||| Ran heal_wounds: false;
3126 ||| Ran tomb2_arrival: false
3126 ||| Ran tomb3_arrival: false;
3126 ||| Ran cloud_step: false
3126 ||| Ran trogs_hand: false;
3126 ||| Ran haste: false
3126 ||| Ran resistance: false;
3126 ||| Ran magic_points: false
3126 ||| Ran wait_confusion: false;
3126 ||| Ran heroism: false
3126 ||| Ran try_cleansing_flame: false;
3126 ||| Ran brothers_in_arms: false
3126 ||| Ran greater_servant: false;
3126 ||| Ran divine_warrior: false
3126 ||| Ran try_apocalypse: false;
3126 ||| Ran try_slouch: false
3126 ||| Ran try_hydra_destruction: false
3126 ||| Ran grand_finale: false;
3126 ||| Ran wield_weapon: false
3126 ||| Ran swap_weapon: false;
3126 ||| Ran water_step: false
3126 ||| Ran wall_step: false;
3126 ||| Ran zig_fog: false
3126 ||| Ran finesse: false;
3126 ||| Ran fiery_armour: false
3126 ||| Ran try_dig_grate: false;
3126 ||| Ran might: false
3126 ||| Ran blinking: false;
3126 ||| Ran berserk: false
3126 ||| Ran continue_flee: false;
3126 ||| Ran other_step: false
3126 ||| Ran recall: false;
3126 ||| Ran try_recall_ancestor: false
3126 ||| Ran try_recite: false;
3126 ||| Ran emergency: false
3126 ||| Ran starting_spell: false;
3126 ||| Ran poison_spit: false You slash the ogre!
The ogre is severely wounded.
3126 ||| Ran melee: true;
3126 ||| Ran attack: nil The gnoll is no longer moving quickly.
The ogre hits you with a +0 giant club!
You die...

### ##.##########
#.#..........
.####@)...........
...wYSO)..########.#
?..w.g#g#.### ...#
..###g#.....# #.#.#
#.#.....###....#
#...............
###............#
#........#.#.
#)####)..# #


You could see an ice beast, an ogre, a worm, 3 gnolls, an adder and a dart slug.

Vanquished Creatures
  2 scorpions
  A jelly (D:4)
  An orc priest (D:4)
  A gnoll bouda (D:5)
  3 hounds (D:4)
  A sleepcap (D:4)
  Natasha (thrice) (D:3)
  An orc wizard (D:4)
  8 gnolls
  2 adders
  A worm (D:2)
  2 dart slugs
  8 orcs
  4 ball pythons
  4 bats
  10 endoplasms
  3 giant cockroaches
  3 goblins
  6 hobgoblins
  2 jackals (D:3)
  6 kobolds
  4 quokkas
  2 frilled lizards (D:1)
  4 rats
  A spectral kobold (D:1)
83 creatures vanquished.

Notes
Turn   | Place    | Note
-------+----------+-------------------------------------------
     0 | D:1      | qw the Gargoyle Fighter began the quest for the Orb.
     0 | D:1      | Reached XP level 1. HP: 14/14 MP: 1/1
     0 | D:1      | 0 ||| qw: Version: 0.2-a-100-gdc168f6
     0 | D:1      | 0 ||| qw: Game counter: 206
     0 | D:1      | 0 ||| qw: Always use a shield: true
     0 | D:1      | 0 ||| qw: God list: Okawaru
     0 | D:1      | 0 ||| qw: Allow faded altars: false
     0 | D:1      | 0 ||| qw: Do Orc after D:15 true
     0 | D:1      | 0 ||| qw: Do second Lair branch before Depths: true
     0 | D:1      | 0 ||| qw: Lair rune preference: random
     0 | D:1      | 0 ||| qw: Plans: Normal, Zot:1-4, God:TSO, Crypt, Tomb,
                  | Pan, Slime:5, Hells, Abyss, Win
     0 | D:1      | 0 ||| PLANNING D:1-11
    82 | D:1      | Reached skill level 2 in Axes
   171 | D:1      | Reached XP level 2. HP: 18/19 MP: 2/2
   304 | D:1      | 304 ||| DROPPING +0 club.
   360 | D:1      | Found a faded altar of an unknown god.
   582 | D:1      | Reached skill level 3 in Axes
   750 | D:1      | Reached XP level 3. HP: 23/23 MP: 3/3
   895 | D:1      | Found Hiqow's Jewellery Emporium.
   900 | D:1      | 900 ||| SHOPLISTING +6 ring of strength (504 gold, have
                  | 59).
   900 | D:1      | 900 ||| SHOPLISTING amulet of regeneration (420 gold, have
                  | 59).
   900 | D:1      | 900 ||| SHOPLISTING ring of fire (350 gold, have 59).
   900 | D:1      | 900 ||| SHOPLISTING ring of ice (350 gold, have 59).
   900 | D:1      | 900 ||| SHOPLISTING ring of protection from fire (350 gold,
                  | have 59).
   900 | D:1      | 900 ||| SHOPLISTING ring of resist corrosion (280 gold,
                  | have 59).
   900 | D:1      | 900 ||| SHOPLISTING ring of see invisible (210 gold, have
                  | 59).
   910 | D:1      | 910 ||| DROPPING +6 ring of intelligence.
   911 | D:1      | 911 ||| READING scroll labelled PUESEBLADUWK.
  1075 | D:2      | 1075 ||| Stepping ~*~*~tactically~*~*~ (hiding).
  1152 | D:2      | Found a shadowy altar of Dithmenos.
  1451 | D:2      | 1451 ||| UPGRADING to +0 pair of gloves.
  1456 | D:2      | 1456 ||| UPGRADING to amulet of the acrobat.
  1461 | D:2      | 1461 ||| READING scroll labelled URI XINOIFYRET.
  1462 | D:2      | 1462 ||| READING scroll labelled VIAZYO RACWEHO.
  1463 | D:2      | 1463 ||| READING scroll labelled TAETISAUCA.
  1464 | D:2      | 1464 ||| DRINKING 3 amethyst potions.
  1563 | D:3      | Found a hide-covered altar of Uskayaw.
  1565 | D:3      | 1565 ||| Stepping ~*~*~tactically~*~*~ (hiding).
  1584 | D:3      | 1584 ||| Stepping ~*~*~tactically~*~*~ (stealth).
  1585 | D:3      | 1585 ||| Stepping ~*~*~tactically~*~*~ (stealth).
  1586 | D:3      | 1586 ||| Stepping ~*~*~tactically~*~*~ (stealth).
  1589 | D:3      | 1589 ||| Stepping ~*~*~tactically~*~*~ (stealth).
  1641 | D:3      | 1641 ||| Stepping ~*~*~tactically~*~*~ (hiding).
  1643 | D:3      | 1643 ||| Stepping ~*~*~tactically~*~*~ (hiding).
  1651 | D:3      | Reached XP level 4. HP: 18/28 MP: 4/4
  1771 | D:3      | Noticed Natasha
  1775 | D:3      | Killed Natasha
  1776 | D:3      | Reached skill level 4 in Axes
  1801 | D:3      | Noticed Natasha
  1808 | D:3      | Killed Natasha
  1911 | D:3      | Noticed Natasha
  1914 | D:3      | 1914 ||| Stepping ~*~*~tactically~*~*~ (hiding).
  1926 | D:3      | Killed Natasha
  1927 | D:3      | Reached XP level 5. HP: 15/32 MP: 5/5
  2085 | D:3      | 2085 ||| READING scroll labelled CACALAEVUA.
  2089 | D:3      | 2089 ||| READING 2 scrolls of identify.
  2089 | D:3      | 2089 ||| IDENTIFYING bubbling pink potion
  2090 | D:3      | 2090 ||| DROPPING potion of ambrosia.
  2111 | D:4      | 2111 ||| STAIRDANCE
  2161 | D:3      | 2161 ||| DROPPING +0 whip.
  2168 | D:4      | Reached skill level 5 in Axes
  2232 | D:4      | 2232 ||| Stepping ~*~*~tactically~*~*~ (hiding).
  2234 | D:4      | 2234 ||| Stepping ~*~*~tactically~*~*~ (hiding).
  2263 | D:4      | 2263 ||| DRINKING 2 potions of curing.
  2263 | D:4      | 2263 ||| (to cure confusion)
  2267 | D:4      | 2267 ||| READING scroll of enchant weapon.
  2267 | D:4      | 2267 ||| ENCHANTING +1 war axe.
  2292 | D:4      | Reached skill level 1 in Dodging
  2292 | D:4      | Reached XP level 6. HP: 30/38 MP: 6/6
  2446 | D:4      | Reached skill level 6 in Axes
  2446 | D:4      | Reached XP level 7. HP: 28/43 MP: 7/7
  2609 | D:4      | 2609 ||| Stepping ~*~*~tactically~*~*~ (stealth).
  2694 | D:4      | 2694 ||| Stepping ~*~*~tactically~*~*~ (hiding).
  2696 | D:4      | 2696 ||| Stepping ~*~*~tactically~*~*~ (hiding).
  2761 | D:4      | Found a bloodstained altar of Trog.
  2828 | D:4      | 2828 ||| READING scroll labelled JANOPUXOMM.
  2867 | D:5      | Entered Level 5 of the Dungeon
  2884 | D:5      | Found a staircase to the Ecumenical Temple.
  2885 | D:5      | 2885 ||| PLANNING TEMPLE
  2885 | D:5      | 2885 ||| Stepping randomly (stuck).
  2886 | D:5      | 2886 ||| Stepping randomly (stuck).
  2887 | D:5      | 2887 ||| Stepping randomly (stuck).
  2888 | D:5      | 2888 ||| Stepping randomly (stuck).
  2889 | D:5      | 2889 ||| Stepping randomly (stuck).
  2890 | D:5      | 2890 ||| Stepping randomly (stuck).
  2891 | D:5      | 2891 ||| Stepping randomly (stuck).
  2892 | D:5      | 2892 ||| Stepping randomly (stuck).
  2893 | D:5      | 2893 ||| Stepping randomly (stuck).
  2894 | D:5      | 2894 ||| Stepping randomly (stuck).
  2895 | D:5      | 2895 ||| Stepping randomly (stuck).
  2896 | D:5      | 2896 ||| Stepping randomly (stuck).
  2897 | D:5      | 2897 ||| Stepping randomly (stuck).
  2898 | D:5      | 2898 ||| Stepping randomly (stuck).
  2899 | D:5      | 2899 ||| Stepping randomly (stuck).
  2900 | D:5      | 2900 ||| Stepping randomly (stuck).
  2901 | D:5      | 2901 ||| Stepping randomly (stuck).
  2902 | D:5      | 2902 ||| Stepping randomly (stuck).
  2903 | D:5      | 2903 ||| Stepping randomly (stuck).
  2904 | D:5      | 2904 ||| Stepping randomly (stuck).
  2905 | D:5      | 2905 ||| Stepping randomly (stuck).
  2906 | D:5      | 2906 ||| Stepping randomly (stuck).
  2907 | D:5      | 2907 ||| Stepping randomly (stuck).
  2908 | D:5      | 2908 ||| Stepping randomly (stuck).
  2909 | D:5      | 2909 ||| Stepping randomly (stuck).
  2910 | D:5      | 2910 ||| Stepping randomly (stuck).
  2911 | D:5      | 2911 ||| Stepping randomly (stuck).
  2912 | D:5      | 2912 ||| Stepping randomly (stuck).
  2913 | D:5      | 2913 ||| Stepping randomly (stuck).
  2914 | D:5      | 2914 ||| Stepping randomly (stuck).
  2915 | D:5      | 2915 ||| Stepping randomly (stuck).
  2916 | D:5      | 2916 ||| Stepping randomly (stuck).
  2917 | D:5      | 2917 ||| Stepping randomly (stuck).
  2918 | D:5      | 2918 ||| Stepping randomly (stuck).
  2919 | D:5      | 2919 ||| Stepping randomly (stuck).
  2920 | D:5      | 2920 ||| Stepping randomly (stuck).
  2921 | D:5      | 2921 ||| Stepping randomly (stuck).
  2922 | D:5      | 2922 ||| Stepping randomly (stuck).
  2923 | D:5      | 2923 ||| Stepping randomly (stuck).
  2924 | D:5      | 2924 ||| Stepping randomly (stuck).
  2925 | D:5      | 2925 ||| Stepping randomly (stuck).
  2926 | D:5      | 2926 ||| Stepping randomly (stuck).
  2927 | D:5      | 2927 ||| Stepping randomly (stuck).
  2928 | D:5      | 2928 ||| Stepping randomly (stuck).
  2929 | D:5      | 2929 ||| Stepping randomly (stuck).
  2930 | D:5      | 2930 ||| Stepping randomly (stuck).
  2931 | D:5      | 2931 ||| Stepping randomly (stuck).
  2932 | D:5      | 2932 ||| Stepping randomly (stuck).
  2933 | D:5      | 2933 ||| Stepping randomly (stuck).
  2934 | D:5      | 2934 ||| Stepping randomly (stuck).
  2935 | D:5      | 2935 ||| Stepping randomly (stuck).
  2936 | D:5      | 2936 ||| Stepping randomly (stuck).
  2937 | D:5      | 2937 ||| Stepping randomly (stuck).
  2938 | D:5      | 2938 ||| Stepping randomly (stuck).
  2939 | D:5      | 2939 ||| Stepping randomly (stuck).
  2940 | D:5      | 2940 ||| Stepping randomly (stuck).
  2941 | D:5      | 2941 ||| Stepping randomly (stuck).
  2942 | D:5      | 2942 ||| Stepping randomly (stuck).
  2943 | D:5      | 2943 ||| Stepping randomly (stuck).
  2944 | D:5      | 2944 ||| Stepping randomly (stuck).
  2945 | D:5      | 2945 ||| Stepping randomly (stuck).
  2946 | D:5      | 2946 ||| Stepping randomly (stuck).
  2947 | D:5      | 2947 ||| Stepping randomly (stuck).
  2948 | D:5      | 2948 ||| Stepping randomly (stuck).
  2949 | D:5      | 2949 ||| Stepping randomly (stuck).
  2950 | D:5      | 2950 ||| Stepping randomly (stuck).
  2951 | D:5      | 2951 ||| Stepping randomly (stuck).
  2952 | D:5      | 2952 ||| Stepping randomly (stuck).
  2953 | D:5      | 2953 ||| Stepping randomly (stuck).
  2954 | D:5      | 2954 ||| Stepping randomly (stuck).
  2955 | D:5      | 2955 ||| Stepping randomly (stuck).
  2956 | D:5      | 2956 ||| Stepping randomly (stuck).
  2957 | D:5      | 2957 ||| Stepping randomly (stuck).
  2958 | D:5      | 2958 ||| Stepping randomly (stuck).
  2959 | D:5      | 2959 ||| Stepping randomly (stuck).
  2960 | D:5      | 2960 ||| Stepping randomly (stuck).
  2961 | D:5      | 2961 ||| Stepping randomly (stuck).
  2962 | D:5      | 2962 ||| Stepping randomly (stuck).
  2963 | D:5      | 2963 ||| Stepping randomly (stuck).
  2964 | D:5      | 2964 ||| Stepping randomly (stuck).
  2965 | D:5      | 2965 ||| Stepping randomly (stuck).
  2966 | D:5      | 2966 ||| Stepping randomly (stuck).
  2967 | D:5      | 2967 ||| Stepping randomly (stuck).
  2968 | D:5      | 2968 ||| Stepping randomly (stuck).
  2969 | D:5      | 2969 ||| Stepping randomly (stuck).
  2970 | D:5      | 2970 ||| Stepping randomly (stuck).
  2971 | D:5      | 2971 ||| Stepping randomly (stuck).
  2972 | D:5      | 2972 ||| Stepping randomly (stuck).
  2973 | D:5      | 2973 ||| Stepping randomly (stuck).
  2974 | D:5      | 2974 ||| Stepping randomly (stuck).
  2975 | D:5      | 2975 ||| Stepping randomly (stuck).
  2976 | D:5      | 2976 ||| Stepping randomly (stuck).
  2977 | D:5      | 2977 ||| Stepping randomly (stuck).
  2978 | D:5      | 2978 ||| Stepping randomly (stuck).
  2979 | D:5      | 2979 ||| Stepping randomly (stuck).
  2980 | D:5      | 2980 ||| Stepping randomly (stuck).
  2981 | D:5      | 2981 ||| Stepping randomly (stuck).
  2982 | D:5      | 2982 ||| Stepping randomly (stuck).
  2983 | D:5      | 2983 ||| Stepping randomly (stuck).
  2984 | D:5      | 2984 ||| Stepping randomly (stuck).
  2985 | D:5      | 2985 ||| Stepping randomly (stuck).
  2986 | D:5      | 2986 ||| Stepping randomly (stuck).
  2987 | D:5      | 2987 ||| Stepping randomly (stuck).
  2988 | D:5      | 2988 ||| Stepping randomly (stuck).
  2989 | D:5      | 2989 ||| Stepping randomly (stuck).
  2990 | D:5      | 2990 ||| Stepping randomly (stuck).
  2991 | D:5      | 2991 ||| Stepping randomly (stuck).
  2992 | D:5      | 2992 ||| Stepping randomly (stuck).
  2993 | D:5      | 2993 ||| Stepping randomly (stuck).
  2994 | D:5      | 2994 ||| Stepping randomly (stuck).
  2995 | D:5      | 2995 ||| Stepping randomly (stuck).
  2996 | D:5      | 2996 ||| Stepping randomly (stuck).
  2997 | D:5      | 2997 ||| Stepping randomly (stuck).
  2998 | D:5      | 2998 ||| Stepping randomly (stuck).
  2999 | D:5      | 2999 ||| Stepping randomly (stuck).
  3000 | D:5      | 3000 ||| Stepping randomly (stuck).
  3001 | D:5      | 3001 ||| Stepping randomly (stuck).
  3002 | D:5      | 3002 ||| Stepping randomly (stuck).
  3003 | D:5      | 3003 ||| Stepping randomly (stuck).
  3004 | D:5      | 3004 ||| Stepping randomly (stuck).
  3005 | D:5      | 3005 ||| Stepping randomly (stuck).
  3006 | D:5      | 3006 ||| Stepping randomly (stuck).
  3007 | D:5      | 3007 ||| Stepping randomly (stuck).
  3008 | D:5      | 3008 ||| Stepping randomly (stuck).
  3009 | D:5      | 3009 ||| Stepping randomly (stuck).
  3010 | D:5      | 3010 ||| Stepping randomly (stuck).
  3011 | D:5      | 3011 ||| Stepping randomly (stuck).
  3012 | D:5      | 3012 ||| Stepping randomly (stuck).
  3013 | D:5      | 3013 ||| Stepping randomly (stuck).
  3014 | D:5      | 3014 ||| Stepping randomly (stuck).
  3014 | D:5      | 3014 ||| PLANNING TEMPLE
  3014 | D:5      | 3014 ||| Stepping randomly (stuck).
  3015 | D:5      | 3015 ||| Stepping randomly (stuck).
  3016 | D:5      | 3016 ||| Stepping randomly (stuck).
  3017 | D:5      | 3017 ||| Stepping randomly (stuck).
  3018 | D:5      | 3018 ||| Stepping randomly (stuck).
  3019 | D:5      | 3019 ||| Stepping randomly (stuck).
  3020 | D:5      | 3020 ||| Stepping randomly (stuck).
  3021 | D:5      | 3021 ||| PLANNING TEMPLE
  3021 | D:5      | 3021 ||| Stepping randomly (stuck).
  3022 | D:5      | 3022 ||| Stepping randomly (stuck).
  3023 | D:5      | 3023 ||| Stepping randomly (stuck).
  3024 | D:5      | 3024 ||| Stepping randomly (stuck).
  3025 | D:5      | 3025 ||| Stepping randomly (stuck).
  3026 | D:5      | 3026 ||| Stepping randomly (stuck).
  3027 | D:5      | 3027 ||| Stepping randomly (stuck).
  3028 | D:5      | 3028 ||| PLANNING TEMPLE
  3028 | D:5      | 3028 ||| Stepping randomly (stuck).
  3029 | D:5      | 3029 ||| Stepping randomly (stuck).
  3030 | D:5      | 3030 ||| Stepping randomly (stuck).
  3031 | D:5      | 3031 ||| Stepping randomly (stuck).
  3032 | D:5      | 3032 ||| Stepping randomly (stuck).
  3033 | D:5      | 3033 ||| Stepping randomly (stuck).
  3034 | D:5      | 3034 ||| PLANNING TEMPLE
  3034 | D:5      | 3034 ||| Stepping randomly (stuck).
  3035 | D:5      | 3035 ||| Stepping randomly (stuck).
  3036 | D:5      | 3036 ||| PLANNING TEMPLE
  3036 | D:5      | 3036 ||| PLANNING TEMPLE
  3105 | D:5      | 3105 ||| Stepping ~*~*~tactically~*~*~ (hiding).
  3124 | D:5      | HP: 9/43 [gnoll/+0 spear[a gnoll bouda] (4)]
  3126 | D:5      | Slain by an ogre

Levels and vault maps discovered:
D:1:      dpeg_arrival_stone_temple_mockup, layout_basic,
          dreamdust_ecumenical_altar_drowned_temple, serial_shops, shop
D:2:      layout_rooms, basic_altar, nicolae_kite_square_tiling_tiny
D:3:      layout_rooms, mainiacjoe_overflow_small_starburst,
          kennysheep_generic_room_2, uniq_natasha
D:4:      layout_rooms, trog_book
D:5:      layout_loops_ring, kiku_gazebo_pond_becter,
          mainiacjoe_overflow_brackets, temple_pool_b, minmay_tree_intersection

Skill      XL: |  1  2  3  4  5  6 |
---------------+-------------------+-----
Axes           | 2 3 4 5 6 |  6.8
Fighting       | 4 |  4.0
Dodging        | 1 |  1.1
Armour         | |  3.2
Shields        | |  3.2

Action                     |  1- 3 |  4- 6 |  7- 9 || total
---------------------------+-------+-------+-------++-------
  Melee: War axe           |   107 |    90 |    43 ||   240
  Throw: Boomerang         |     6 |    13 |     9 ||    28
    Use: Scroll            |     4 |     3 |     1 ||     8
         Potion            |     1 |     1 |       ||     2
 Armour: Scale mail        |    46 |    57 |    29 ||   132
  Dodge: Dodged            |    45 |    48 |    18 ||   111
  Block: Buckler           |    19 |    13 |     6 ||    38

Table legend:
 A = Non-vault XP
 B = Vault XP
 C = Vault XP percentage of total XP
 D = Non-vault monster count
 E = Vault monster count
 F = Vault count percentage of total count
                 A         B        C        D         E       F
            +---------+---------+-------+---------+---------+-------
      Total |     826 |      39 |   4.5 |      79 |       4 |   4.8
            +---------+---------+-------+---------+---------+-------
        D:1 |      33 |       1 |   2.9 |      19 |       1 |   5.0
        D:2 |      27 |       0 |   0.0 |       7 |       0 |   0.0
        D:3 |     126 |      38 |  23.2 |      17 |       3 |  15.0
        D:4 |     487 |       0 |   0.0 |      31 |       0 |   0.0
        D:5 |     153 |       0 |   0.0 |       5 |       0 |   0.0
            +---------+---------+-------+---------+---------+-------
